 Dungeon Crawl Stone Soup version 0.32-a0-42-ga30500b4d3 (webtiles) character file.

Game seed: 7847313280420415862

308 Newt the Trooper (level 6, 0/48 HPs)
             Began as a Demonspawn Gladiator on Feb 2, 2024.
             Slain by Edmund
             ... wielding a +2 flail of venom
              (8 damage)
             ... on level 4 of the Dungeon.
             The game lasted 00:04:22 (3287 turns).

Newt the Trooper (Demonspawn Gladiator)             Turns: 3287, Time: 00:04:23

Health: 0/48       AC: 11    Str: 17    XL:     6   Next: 17%
Magic:  6/6        EV: 12    Int:  8    God:
Gold:   209        SH:  0    Dex: 14    Spells: 4/5 levels left

rFire   . . .        a - +0 rapier
rCold   . . .        (no shield)
rNeg    . . .        b - +1 leather armour
rPois   .            (helmet restricted)
rElec   .            (no cloak)
rCorr   .            i - +2 pair of gloves
SInv    .            (no boots)
Will    +....        h - amulet of the acrobat
Stlth   +            n - +4 ring of protection
HPRegen 0.28/turn    (no ring)
MPRegen 0.10/turn

%: acrobat
@: lethally poisoned (0 -> -14), enlightened, flying, invisible
A: horns 1, powered by death 2, weakness stinger 1
a: no special abilities


You were on level 4 of the Dungeon.
You visited 1 branch of the dungeon, and saw 4 of its levels.

You collected 209 gold pieces.

Inventory:

Hand Weapons
 a - a +0 rapier (weapon)
Missiles
 e - 10 javelins
 p - 4 boomerangs (quivered)
Armour
 b - a +1 leather armour (worn)
 c - a +0 helmet
 i - a +2 pair of gloves (worn)
Jewellery
 h - an amulet of the acrobat (around neck)
 n - a +4 ring of protection (left hand)
Scrolls
 k - a scroll of immolation
 l - 2 scrolls of silence
 o - a scroll of revelation {unknown}
 q - 2 scrolls of identify
 s - a scroll of noise {unknown}
Potions
 f - a potion of brilliance
 g - a potion of heal wounds
 j - a potion of attraction {unknown}
 m - 2 potions of curing {unknown}
 r - a potion of enlightenment
 t - 2 potions of degeneration {unknown}


   Skills:
 + Level 4.1 Fighting
 - Level 4.0 Short Blades
 * Level 2.3 Throwing
 - Level 3.2 Dodging
 - Level 2.7 Necromancy


You had 4 spell levels left.
You knew the following spells:

 Your Spells              Type           Power      Damage    Failure   Level
a - Necrotise             Necr           16%        1d4       17%         1

Your spell library contained the following spells:

 Spells                   Type           Power      Damage    Failure   Level
 Vampiric Draining        Necr           4%         2d6       45%         3
 Mercury Vapours          Alch/Air       0%         N/A       63%         2
 Gell's Gravitas          Tloc           0%         N/A       85%         3
 Mephitic Cloud           Conj/Alch/Air  0%         N/A       85%         3
 Martyr's Knell           Necr/Summ      2%         N/A       97%         4
 Curse of Agony           Necr           4%         N/A       99%         5
 Freezing Cloud           Conj/Ice/Air   0%         6-21      100%        5


Dungeon Overview and Level Annotations

Branches:
Dungeon (4/15)
 Temple: D:4-7

Altars:
Ashenzari
Dithmenos

Annotations:
D:4 Edmund


Innate Abilities, Weirdness & Mutations

You have a pair of small horns on your head.
You regenerate health from kills.
You have a small tail.


Message History

The dead are slithering!
Unknown command.
Unknown command.
t - 2 viscous orange potions (gained 1) Edmund the Younger comes into view.
He is wielding a +2 flail of venom.
Edmund is nearby!
Edmund is nearby!
Found a scimitar.
You throw a boomerang. The boomerang hits Edmund.
Edmund shouts!
Edmund is lightly wounded.
You throw a boomerang.
The boomerang hits Edmund but does no damage.
Edmund is lightly wounded.
You throw a boomerang. The boomerang barely misses Edmund.
Your adder skeleton crumbles into dust!
You throw a boomerang. The boomerang barely misses Edmund.
You throw a boomerang.
The boomerang hits Edmund and shatters, but does no damage.
Edmund is lightly wounded.
Edmund hits you with a +2 flail of venom!
You are poisoned.
Okay, then.
You fade into invisibility!
You feel very sick.
Edmund hits you with a +2 flail of venom!
You are lethally poisoned!
Unknown command.
You feel extremely sick.
Unknown command.
* * * LOW HITPOINT WARNING * * *
You feel very sick.
It was a potion of enlightenment.
You feel very buoyant.
You fly up into the air.
* * * LOW HITPOINT WARNING * * *
You feel very sick.
Edmund hits you with a +2 flail of venom!
You die...
Edmund whines, "They better pay attention to me now!"

##..####..# ## .. ##..##
#... #. . #..## ##..
#.#. #.## #.. #####...
#.# #.. .......#####.#
#..
##.........########..
####....@...............
.......@.########....##.
##^####..# #...<##...†
#.)# #.########. #.## ..
## #.. ## ^.# #.# #.#


You could see Edmund (unable to see you).

Vanquished Creatures
  A phantom (D:4)
  A hound (D:4)
  An iguana (D:4)
  Natasha (thrice) (D:2)
  4 adders
  2 ribbon worms
  2 dart slugs
  3 orcs
  2 bats (D:3)
  4 endoplasms
  A giant cockroach (D:1)
  8 goblins
  3 hobgoblins
  6 jackals
  A kobold (D:1)
  A quokka (D:3)
  7 ball pythons
  5 rats
55 creatures vanquished.

Notes
Turn   | Place    | Note
-------+----------+-------------------------------------------
     0 | D:1      | Newt the Demonspawn Gladiator began the quest for the Orb.
     0 | D:1      | Reached XP level 1. HP: 16/16 MP: 1/1
   124 | D:1      | Got the Anthology of the Valley of Death
   261 | D:1      | Gained mutation: You regenerate a little health from kills.
                  | [demonic ancestry]
   261 | D:1      | Reached XP level 2. HP: 22/22 MP: 2/2
  1060 | D:2      | Noticed Natasha
  1074 | D:2      | Killed Natasha
  1075 | D:2      | Discovered your monstrous ancestry.
  1075 | D:2      | Gained mutation: You have a pair of small horns on your
                  | head. [demonic ancestry]
  1075 | D:2      | Reached XP level 3. HP: 8/28 MP: 3/3
  1094 | D:2      | Noticed Natasha
  1107 | D:2      | Killed Natasha
  1108 | D:2      | Gained mutation: You regenerate health from kills. [demonic
                  | ancestry]
  1108 | D:2      | Reached XP level 4. HP: 5/35 MP: 4/4
  1844 | D:2      | Noticed Natasha
  1860 | D:2      | Killed Natasha
  2061 | D:3      | You fall into a shaft and drop 1 floor!
  2064 | D:4      | Learned a level 1 spell: Necrotise
  2108 | D:4      | Reached skill level 1 in Necromancy
  2108 | D:4      | Gained mutation: You have a small tail. [demonic ancestry]
  2108 | D:4      | Reached XP level 5. HP: 18/41 MP: 3/5
  2324 | D:4      | Noticed a phantom
  2334 | D:4      | Killed a phantom
  2702 | D:3      | Found a broken altar of Ashenzari.
  2799 | D:3      | Found a shadowy altar of Dithmenos.
  3116 | D:4      | Reached XP level 6. HP: 45/48 MP: 1/6
  3277 | D:4      | Noticed Edmund
  3287 | D:4      | Slain by Edmund

Illustrated notes

Levels and vault maps discovered:
D:1:      onia_arrival_mini_maze, layout_basic, minmay_misc_feat_x, minivault_14
D:2:      minmay_spotlight, layout_rooms, patterned_corridor, uniq_natasha
D:3:      layout_basic, chequers_temple_overflow_statue_of_worship
D:4:      layout_rooms, lemuel_tele_altar, lemuel_doored_altar,
          minmay_temple_entry_junction, serial_shops, shop,
          serial_library_hellmonk_junction, uniq_edmund, uniq_crazy_yiuf_cottage

Skill      XL: |  1  2  3  4  5 |
---------------+----------------+-----
Short Blades   | 3 4 |  4.0
Fighting       | 3 4 |  4.1
Dodging        | 3 |  3.2
Necromancy     | 1 2 |  2.7
Throwing       | 2 |  2.3

Action                     |  1- 3 |  4- 6 || total
---------------------------+-------+-------++-------
  Melee: Rapier            |    79 |   121 ||   200
         Headbutt          |     2 |    29 ||    31
         Tailslap          |       |     4 ||     4
  Throw: Throwing net      |     3 |     1 ||     4
         Boomerang         |       |     6 ||     6
   Cast: Necrotise         |       |    13 ||    13
    Use: Scroll            |     4 |     5 ||     9
         Potion            |       |     3 ||     3
   Stab: Sleeping          |     1 |       ||     1
         Held in net/web   |     2 |       ||     2
 Armour: Leather armour    |    42 |    60 ||   102
  Dodge: Dodged            |    53 |    78 ||   131

Table legend: (Time is in decaauts)
 A = Elapsed time spent in this place.
 B = Non-inter-level travel time spent in this place.
 C = Inter-level travel time spent in this place.
 D = Time resting spent in this place.
 E = Time spent auto-exploring this place.
 F = Levels seen in this place.
 G = Mean time per level.
                   A        B        C        D        E       F      G
               +--------+--------+--------+--------+--------+-----+--------+
         Total |   3302 |   3195 |    107 |    954 |   1743 |   4 |  825.5 |
       Dungeon |   3302 |   3195 |    107 |    954 |   1743 |   4 |  825.5 |
               +--------+--------+--------+--------+--------+-----+--------+

Top non-repeatable levels by time:
     D:2: 1175 daAuts
     D:1: 791 daAuts
     D:3: 672 daAuts
     D:4: 662 daAuts
